 Dungeon Crawl Stone Soup version 0.25-a0-448-g1f46b9f714 (webtiles) character file.

Game seed: 10851992120276113320, levelgen mode: deterministic

1683475 bmfx the Conqueror (level 27, 322/323 HPs)
             Began as an Ogre Fighter on Jan 31, 2020.
             Was the Champion of Makhleb.
             Escaped with the Orb
             ... and 3 runes!
             The game lasted 03:08:10 (75819 turns).

bmfx the Conqueror (Ogre Fighter)                  Turns: 75819, Time: 03:08:10

Health: 322/323    AC: 36    Str: 37    XL:     27
Magic:  35/35      EV: 16    Int:  7    God:    Makhleb [******]
Gold:   3907       SH: 26    Dex: 23    Spells: 33/42 levels left

rFire    + . .     SeeInvis .   a - +9 broad axe (elec)
rCold    + + .     Gourm    .   N - +2 large shield {reflect}
rNeg     + . .     Faith    .   h - +9 gold dragon scales
rPois    +         Spirit   +   I - +2 hat of the Bear Spirit {Spirit, +Rage rN+ MR++}
rElec    +         Reflect  +   Z - scarf {repulsion}
rCorr    .         Harm     .   (gloves unavailable)
MR       +++++     Rnd*Rage +   (boots unavailable)
Stlth    ..........             z - amulet of Pooroteo {Acrobat rElec MR++ Str+3}
HPRegen  0.63/turn              K - +6 ring of strength
MPRegen  0.24/turn              Q - ring "Miho" {+Blink rC+ Int-2 Dex+6 Slay+2}

@: repel missiles
A: large, unfitting armour, thin metallic scales 1, berserk 1, magic resistance
2, tough skin 1, subdued magic 3
0: Orb of Zot
}: 3/15 runes: barnacled, silver, gossamer
a: Minor Destruction, Lesser Servant of Makhleb, Major Destruction, Greater
Servant of Makhleb, Renounce Religion, Evoke Blink, Evoke Berserk Rage


You escaped.
You worshipped Makhleb.
Makhleb was exalted by your worship.
You were very full.

You visited 11 branches of the dungeon, and saw 53 of its levels.
You visited 1 bazaar.
You also visited: Ossuary, Gauntlet and Volcano.

You collected 8570 gold pieces.
You spent 4663 gold pieces at shops.


Innate Abilities, Weirdness & Mutations

You are too large for most types of armour.
You have tough skin. (AC +1)
You are partially covered in thin metallic scales. (AC +2)
You tend to lose your temper in combat.
You are highly resistant to hostile enchantments. (MR++)
Your spells are much easier to cast, but much less powerful.

Dungeon Overview and Level Annotations

Branches:
Dungeon (15/15)            Temple (1/1) D:7            Lair (6/6) D:10
 Shoals (4/4) Lair:3       Spider (4/4) Lair:2        Slime (0/5) Lair:5
    Orc (2/2) D:9             Elf (3/3) Orc:2        Vaults (5/5) D:13
  Crypt (3/3) Vaults:2       Tomb (0/3) Crypt:3      Depths (5/5) D:15
    Zot (5/5) Depths:5    Ossuary (visited)         Volcano (visited)
Gauntlet (visited)

Altars:
Ashenzari
Cheibriados
Dithmenos
Elyvilon
Fedhas
Gozag
Hepliaklqana
Kikubaaqudgha
Makhleb
Nemelex Xobeh
Okawaru
Qazlal
Ru
Trog
Uskayaw
Vehumet
Wu Jian
Xom
Yredelemnul
Zin
The Shining One
Beogh
Jiyva
Lugonu

Shops:
D:8 %   D:9 *(   D:11 [   D:14 %   D:15 *   Orc:1 [   Orc:2 :[?(   Elf:1 :
Elf:2 :   Shoals:1 %   Vaults:2 (   Vaults:4 *   Depths:2 }   Depths:5 [?[

Portals:
Hell: Depths:1 Depths:2 Depths:3 Depths:4 Depths:5
Abyss: Depths:4
Pandemonium: Depths:3

Annotations:
Spider:2 1 runed translucent door, dotty's ghost, adept DsBe
Elf:3 3 runed translucent doors, Hasart's ghost, adept KoHu


   Skills:
 O Level 27 Fighting
 - Level 18.0 Axes
 + Level 22.6 Throwing
 - Level 20.0 Armour
 - Level 15.0 Dodging
 - Level 15.0 Shields
 - Level 8.1 Spellcasting
 - Level 12.0 Translocations
 - Level 8.0 Invocations
 - Level 8.0 Evocations


You had 33 spell levels left.
You knew the following spells:

 Your Spells              Type           Power        Failure   Level  Hunger
a - Apportation           Tloc           ##....       1%          1    None
b - Blink                 Tloc           N/A          1%          2    ##.....
A - Portal Projectile     Hex/Tloc       #.....       22%         3    ###....
B - Lesser Beckoning      Tloc           ##........   1%          3    ###....

Your spell library contained the following spells:

 Spells                   Type           Power        Failure   Level  Hunger
 Gell's Gravitas          Tloc           ##........   1%          3    ###....
 Teleport Other           Tloc           ##......     1%          3    ###....
 Shroud of Golubria       Chrm/Tloc      #.....       10%         2    ##.....
 Recall                   Summ/Tloc      N/A          22%         3    ###....
 Iskenderun's Mystic Bla  Conj/Tloc      #.......     63%         4    ####...
 Animate Skeleton         Necr           N/A          69%         1    None
 Beastly Appendage        Tmut           #.....       69%         1    None
 Corona                   Hex            #......      69%         1    None
 Foxfire                  Conj/Fire      #...         69%         1    None
 Freeze                   Ice            #...         69%         1    None
 Magic Dart               Conj           #...         69%         1    None
 Pain                     Necr           #...         69%         1    None
 Sandblast                Erth           #.....       69%         1    None
 Shock                    Conj/Air       #...         69%         1    None
 Sting                    Tmut/Pois      #...         69%         1    None
 Summon Butterflies       Summ           #.......     69%         1    None
 Summon Small Mammal      Summ           #...         69%         1    None
 Call Imp                 Summ           #.......     83%         2    ##.....
 Corpse Rot               Necr/Air       N/A          83%         2    ##.....
 Ensorcelled Hibernation  Hex/Ice        #.....       83%         2    ##.....
 Poisonous Vapours        Pois/Air       #.....       83%         2    ##.....
 Searing Ray              Conj           #.....       83%         2    ##.....
 Slow                     Hex            #.......     83%         2    ##.....
 Sticks to Snakes         Tmut           #.......     83%         2    ##.....
 Sublimation of Blood     Necr           #.........   83%         2    ##.....
 Swiftness                Chrm/Air       #.......     83%         2    ##.....
 Summon Forest            Summ/Tloc      #.........   94%         5    ######.
 Call Canine Familiar     Summ           #.......     97%         3    ###....
 Confusing Touch          Hex            #.......     97%         3    ###....
 Conjure Flame            Conj/Fire      #.......     97%         3    ###....
 Dazzling Flash           Conj/Hex       #.....       97%         3    ###....
 Ignite Poison            Fire/Tmut/Pois #.......     97%         3    ###....
 Inner Flame              Hex/Fire       #.......     97%         3    ###....
 Mephitic Cloud           Conj/Pois/Air  #.......     97%         3    ###....
 Ozocubu's Armour         Chrm/Ice       #.......     97%         3    ###....
 Spectral Weapon          Hex/Chrm       #.......     97%         3    ###....
 Spider Form              Tmut/Pois      #.........   97%         3    ###....
 Static Discharge         Conj/Air       #.......     97%         3    ###....
 Stone Arrow              Conj/Erth      #.....       97%         3    ###....
 Summon Guardian Golem    Hex/Summ       #.......     97%         3    ###....
 Vampiric Draining        Necr           #.........   97%         3    ###....
 Airstrike                Air            #.........   100%        4    ####...
 Animate Dead             Necr           N/A          100%        4    ####...
 Cause Fear               Hex            #.........   100%        4    ####...
 Fulminant Prism          Conj/Hex       #.........   100%        4    ####...
 Hailstorm                Conj/Ice       #.......     100%        4    ####...
 Ice Form                 Ice/Tmut       #.......     100%        4    ####...
 Leda's Liquefaction      Hex/Erth       #.........   100%        4    ####...
 Olgreb's Toxic Radiance  Pois           #.......     100%        4    ####...
 Petrify                  Tmut/Erth      #.......     100%        4    ####...
 Sticky Flame             Conj/Fire      #.......     100%        4    ####...
 Summon Ice Beast         Ice/Summ       #.......     100%        4    ####...
 Summon Lightning Spire   Summ/Air       #.......     100%        4    ####...
 Agony                    Necr           #.......     100%        5    ######.
 Alistair's Intoxication  Tmut/Pois      #.......     100%        5    ######.
 Blade Hands              Tmut           #.........   100%        5    ######.
 Bolt of Magma            Conj/Fire/Erth #.........   100%        5    ######.
 Borgnjor's Vile Clutch   Necr/Erth      #.........   100%        5    ######.
 Excruciating Wounds      Chrm/Necr      #.........   100%        5    ######.
 Fireball                 Conj/Fire      #.........   100%        5    ######.
 Irradiate                Conj/Tmut      #.........   100%        5    ######.
 Iskenderun's Battlesphe  Conj/Chrm      #.......     100%        5    ######.
 Lee's Rapid Deconstruct  Erth           #.........   100%        5    ######.
 Lightning Bolt           Conj/Air       #.........   100%        5    ######.
 Metabolic Englaciation   Hex/Ice        #.........   100%        5    ######.
 Silence                  Hex/Air        #.........   100%        5    ######.
 Summon Mana Viper        Hex/Summ       #.......     100%        5    ######.
 Yara's Violent Unravell  Hex/Tmut       #.........   100%        5    ######.
 Darkness                 Hex            #.........   100%        6    #######
 Death Channel            Necr           #.........   100%        6    #######
 Eringya's Noxious Bog    Tmut/Pois      #.........   100%        6    #######
 Freezing Cloud           Conj/Ice/Air   #.........   100%        6    #######
 Hydra Form               Tmut           #.........   100%        6    #######
 Iron Shot                Conj/Erth      #.........   100%        6    #######
 Shadow Creatures         Summ           N/A          100%        6    #######
 Simulacrum               Ice/Necr       #.........   100%        6    #######
 Starburst                Conj/Fire      #.........   100%        6    #######
 Statue Form              Tmut/Erth      #........    100%        6    #######
 Haunt                    Necr/Summ      #.........   100%        7    #######
 Ring of Flames           Chrm/Fire      #.........   100%        7    #######
 Summon Hydra             Summ           #.........   100%        7    #######
 Borgnjor's Revivificati  Necr           #.........   100%        8    #######
 Death's Door             Chrm/Necr      #.........   100%        8    #######
 Discord                  Hex            #.........   100%        8    #######
 Disjunction              Tloc           ##........   100%        8    #######
 Ignition                 Fire           #.........   100%        8    #######
 Infestation              Necr           #.........   100%        8    #######
 Necromutation            Tmut/Necr      #.........   100%        8    #######
 Shatter                  Erth           #.........   100%        9    #######
 Tornado                  Air            #.........   100%        9    #######
 Passage of Golubria      Tloc           Unusable     N/A         4    N/A

Action                   |  1- 3 |  4- 6 |  7- 9 | 10-12 | 13-15 | 16-18 | 19-21 | 22-24 | 25-27 || total
-------------------------+-------+-------+-------+-------+-------+-------+-------+-------+-------++-------
Melee: War axe           |   132 |   220 |   362 |   371 |  1126 |       |       |       |       ||  2211
       Broad axe         |       |       |       |       |    20 |   988 |  1161 |  1203 |  1673 ||  5045
Throw: Stone             |    61 |    22 |    32 |    66 |    25 |       |       |       |       ||   206
       Javelin           |     8 |    15 |    30 |    62 |    88 |    36 |    57 |       |   123 ||   419
       Large rock        |       |     3 |    10 |    11 |    33 |    99 |    72 |   156 |   326 ||   710
       Dart              |       |       |    29 |   106 |    58 |   139 |       |       |       ||   332
 Cast: Apportation       |       |       |       |       |       |       |       |       |    86 ||    86
       Blink             |       |       |       |       |       |       |       |       |     4 ||     4
Invok: Lesser Servant of |       |       |       |     8 |    13 |       |       |       |       ||    21
       Major Destruction |       |       |       |       |       |     3 |       |       |       ||     3
 Abil: Evoke Berserk Rag |       |       |       |       |     1 |     8 |     1 |     2 |     3 ||    15
Evoke: Wand              |       |     3 |    16 |    25 |    14 |    21 |     3 |       |     4 ||    86
       Lamp of fire      |       |       |       |       |       |       |       |       |     1 ||     1
  Use: Scroll            |     2 |    12 |     8 |    13 |    20 |     8 |     3 |     5 |    19 ||    90
       Potion            |     2 |     5 |       |     9 |     4 |     4 |     1 |     1 |    13 ||    39
 Stab: Distracted        |       |       |     1 |       |     4 |       |     1 |       |     3 ||     9
       Paralysed         |       |       |    11 |     3 |     8 |       |       |       |       ||    22
       Sleeping          |       |       |     1 |     1 |       |       |       |       |     1 ||     3
       Invisible         |       |       |       |     2 |       |     4 |     8 |       |       ||    14
       Confused          |       |       |       |       |       |       |       |       |     1 ||     1
  Eat: Chunk             |     4 |    13 |     9 |    25 |    13 |    24 |    14 |    10 |     9 ||   121
       Ration            |       |     2 |     2 |     2 |    10 |     4 |     4 |     6 |    13 ||    43
Armor: Robe              |    59 |    66 |    51 |    29 |       |       |       |       |       ||   205
       Fire dragon scale |       |       |       |    51 |   218 |    72 |   107 |    80 |       ||   528
       Swamp dragon scal |       |       |       |       |    11 |   203 |       |       |       ||   214
       Acid dragon scale |       |       |       |       |       |       |       |    58 |   139 ||   197
       Gold dragon scale |       |       |       |       |       |       |       |       |   212 ||   212
Dodge: Dodged            |    61 |    95 |   108 |   155 |   295 |   394 |   201 |   345 |   546 ||  2200
       Deflected         |       |       |       |       |     2 |    24 |    26 |    20 |    24 ||    96
Block: Shield            |    65 |    96 |   145 |   135 |       |       |       |       |       ||   441
       Large shield      |       |       |       |    96 |  1073 |  1086 |   888 |  1182 |  1449 ||  5774
       Reflection        |       |       |       |       |       |    75 |   129 |    98 |    33 ||   335

Skill      XL: |  1  2  3  4  5  6  7  8  9 10 11 12 13 14 15 16 17 18 19 20 21 22 23 24 25 26 27 |
---------------+----------------------------------------------------------------------------------+-----
Throwing       | 1 2 3 4 6 8 11 12 14 15 16 18 21 22 | 22.6
Fighting       | 5 6 7 8 12 13 15 16 18 20 21 27 | 27.0
Axes           | 3 6 8 11 12 13 16 18 | 18.0
Evocations     | 2 5 6 7 8 |  8.0
Invocations    | 1 5 6 8 |  8.0
Shields        | 6 9 10 12 15 | 15.0
Dodging        | 6 9 13 15 | 15.0
Armour         | 4 9 10 14 15 20 | 20.0
Spellcasting   | 8 |  8.1
Translocations | 8 12 | 12.0

Inventory:

Hand Weapons
 a - a +9 broad axe of electrocution (weapon)
Missiles
 e - 73 javelins
 v - 22 silver javelins
 y - 14 throwing nets {!f}
 S - 116 large rocks (quivered)
Armour
 h - +9 gold dragon scales (worn)
 I - the +2 hat of the Bear Spirit (worn) {Spirit, +Rage rN+ MR++}
   (You bought it in a shop on level 11 of the Dungeon)

   It protects you from negative energy.
   It affects your resistance to hostile enchantments.
   It lets you go berserk.
   If you remove this armour, your AC will fall 2 points (36 -> 34)
 N - a +2 large shield of reflection (worn)
 Z - a scarf of repulsion (worn)
Jewellery
 p - an uncursed ring of protection from fire
 q - an uncursed ring of see invisible
 z - the amulet of Pooroteo (around neck) {Acrobat rElec MR++ Str+3}
   (You acquired it on level 5 of the Depths)

   [amulet of the acrobat]

   It helps you evade while moving and waiting.
   It affects your strength (+3).
   It insulates you from electricity.
   It affects your resistance to hostile enchantments.
 A - the ring "Jomo Toy" {rN+ Dex+4}
   (You found it on level 3 of the Crypt)

   [ring of positive energy]

   It affects your dexterity (+4).
   It protects you from negative energy.
 K - a +6 ring of strength (left hand)
 Q - the ring "Miho" (right hand) {+Blink rC+ Int-2 Dex+6 Slay+2}
   (You acquired it on level 11 of the Dungeon)

   [ring of slaying]

   It affects your intelligence (-2).
   It affects your dexterity (+6).
   It affects your accuracy and damage with ranged weapons and melee attacks
   (+2).
   It protects you from cold.
   It lets you blink.
 T - the ring "Kynamov" {-Tele +Fly Str+4}
   (You found it on level 4 of the Shoals)

   [ring of flight]

   It affects your strength (+4).
   It lets you fly.
   It prevents most forms of teleportation.
Wands
 i - a wand of acid (66)
 B - a wand of iceblast (14)
 E - a wand of scattershot (4)
 J - a wand of enslavement (11)
 M - a wand of disintegration (21)
 O - a wand of paralysis (12)
 U - a wand of digging (24)
Scrolls
 d - a scroll of silence
 g - 9 scrolls of blinking {@r2}
 k - 12 scrolls of fear
 l - 22 scrolls of teleportation {@r1}
 s - 16 scrolls of remove curse {@r4}
 u - 18 scrolls of identify {@r3}
 G - 3 scrolls of holy word
 P - 5 scrolls of magic mapping
 R - 7 scrolls of fog
 V - 4 scrolls of summoning
Potions
 b - 4 potions of might
 c - 3 potions of haste {@q4}
 j - 2 potions of resistance
 m - 17 potions of curing {@q2}
 n - 11 potions of heal wounds {@q1}
 o - 4 potions of invisibility
 t - 6 potions of agility
 w - 5 potions of flight
 x - a potion of magic
 C - 3 potions of brilliance
 F - 6 potions of mutation
 H - 5 potions of cancellation
Miscellaneous
 r - 4 boxes of beasts
 D - a lamp of fire
 W - a phial of floods
 X - a lightning rod (4/4)
 Y - a fan of gales
Comestibles
 f - 78 rations

#......# #.............#...#
......(###.............#####
...#.#.....................#
.....#.....................#
.....#..########'########..#
.....#..####.........####..#
.....#..##...⌠.........##..#
.....#..#..⌠...#'#......#..#
#....#..+.....##@##.....+..#
.....#..+.....##>##.....+..#
.....#..#......#+#...⌠..#..#
.....#..##.........⌠...##..#
.....#..####.........####..#
.....#..########'########..#
.....#.....................#
.....#.....................#
.....####.............###..#


There were no monsters in sight!

Vanquished Creatures
  Khufu (Crypt:3)
  11 orbs of fire
  Mara (Spider:3)
  4 ancient liches
  A juggernaut (Depths:3)
  Boris (Depths:5)
  Frederick (Vaults:4)
  3 Killer Klowns (Zot:5)
  Saint Roka (Depths:2)
  Margery (Vaults:3)
  A curse toe (Zot:3)
  8 golden dragons
  A golden dragon (shapeshifter) (Vaults:5)
  A profane servitor (Crypt:3)
  3 bone dragons
  the Enchantress (Depths:4)
  3 electric golems
  A shard shrike zombie (Crypt:2)
  3 liches
  26 tentacled monstrosities
  3 deep elf blademasters
  Asterion (Vaults:4)
  27 Orb Guardians
  8 quicksilver dragons
  2 deep elf master archers (Elf:3)
  4 titans (Vaults:5)
  Polyphemus (Shoals:4)
  2 krakens (Shoals:4)
  5 sphinxes
  11 death cobs
  Kirke (Spider:2)
  15 storm dragons
  5 tengu reavers (Vaults:5)
  14 shadow dragons
  5 ancient champions
  7 draconian monks
  Agnes (Spider:2)
  3 revenants
  Roxanne (Elf:1)
  11 fire giants
  4 frost giants
  4 draconian knights (Zot:1)
  7 deep elf sorcerers
  Aizul (Elf:2)
  A warmonger (Depths:5)
  An iron dragon (Depths:2)
  7 draconian scorchers
  12 vault wardens
  6 ghost moths
  9 emperor scorpions
  Louise (Elf:1)
  8 deep elf elementalists
  2 draconian stormcallers
  18 ghouls
  6 spriggan defenders
  2 draconian annihilators
  6 draconian shifters
  A reaper (Depths:5)
  9 ironheart preservers
  4 war gargoyles (Vaults:5)
  15 stone giants
  7 very ugly things
  5 vampire knights
  2 entropy weavers (shapeshifter)
  4 entropy weavers
  A black sun (Depths:5)
  10 green draconians
  7 deep elf demonologists
  9 yellow draconians
  9 black draconians
  9 white draconians
  8 deep elf annihilators
  A minotaur (Gauntlet)
  15 purple draconians
  3 eidola
  A dire elephant (D:15)
  9 red draconians
  8 deep elf death magi
  2 mummy priests (Crypt:3)
  3 spark wasps
  A quicksilver dragon zombie (Crypt:3)
  21 jiangshi
  12 ettins
  9 merfolk impalers
  5 merfolk javelineers
  13 fire dragons
  Erolcha (Orc:2)
  15 ogre magi
  4 deep elf high priests
  19 yaktaur captains
  4 spriggan air magi
  6 great orbs of eyes
  8 ice dragons
  29 vault guards
  7 hydras
  5 rakshasas
  An alligator snapping turtle (Shoals:1)
  A catoblepas (Shoals:4)
  12 death knights
  14 centaur warriors
  A death scarab (Gauntlet)
  5 death yaks
  3 satyrs (Shoals:4)
  38 two-headed ogres
  4 merfolk aquamancers (Shoals:4)
  23 dancing weapons
  7 tengu warriors
  8 deep troll shamans
  10 spriggan berserkers
  5 vampire magi
  7 deep troll earth magi
  2 orc high priests
  A sun demon (Volcano)
  6 spectral storm dragons (Crypt:1)
  9 spriggans
  2 iron trolls
  42 skeletal warriors
  A storm dragon skeleton (Crypt:1)
  25 deep elf knights
  2 shadow wraiths (Crypt:3)
  2 sixfirhies (Gauntlet)
  8 hell knights
  A golden dragon zombie (Crypt:1)
  6 flayed ghosts
  2 glowing orange brains
  A quicksilver dragon simulacrum (Crypt:3)
  An anaconda zombie (Crypt:1)
  10 sea snakes
  5 unseen horrors
  A torturous demonspawn (Depths:5)
  An obsidian statue (Zot:5)
  A swamp dragon (Lair:6)
  15 deep trolls
  A spectral hydra (Gauntlet)
  14 deep elf archers
  8 harpies
  7 wizards
  3 orange crystal statues (Depths:1)
  18 ironbrand convokers
  12 phantasmal warriors
  8 necromancers
  10 orc knights
  A harpy (shapeshifter) (Depths:1)
  16 orb spiders
  A spectral fire dragon (Crypt:1)
  A shadow dragon skeleton (Vaults:3)
  14 fauns
  11 manticores
  3 spectral ice dragons (Crypt:1)
  39 wolf spiders
  12 orc sorcerers
  A frost giant zombie (Crypt:2)
  A shining eye (shapeshifter) (Depths:5)
  81 deep elf magi
  2 tengu skeletons (Vaults:2)
  45 ugly things
  13 cyclopes
  8 human skeletons
  An iron dragon skeleton (Crypt:1)
  4 salamanders
  24 moths of wrath
  A salamander (shapeshifter) (Vaults:4)
  A fire giant skeleton (Vaults:2)
  8 elephants
  8 black mambas
  6 merfolk sirens
  A torpor snail (Spider:4)
  A guardian serpent (Lair:6)
  2 smoke demons
  A guardian serpent (shapeshifter) (D:15)
  A titan simulacrum (Vaults:3)
  A water nymph (shapeshifter) (Depths:1)
  A centaur skeleton (D:13)
  14 spiny frogs
  13 vault sentinels
  2 molten gargoyles (Volcano)
  3 stone giant skeletons
  An orange demon (Zot:5)
  A gargoyle (D:12)
  7 water nymphs
  5 spectral swamp worms (Depths:5)
  14 demonic crawlers
  3 komodo dragons
  5 rime drakes
  A yaktaur zombie (Vaults:3)
  2 tormentors
  19 freezing wraiths
  66 yaktaurs
  4 tengu conjurers
  3 yaktaur skeletons
  2 polar bears (Lair:6)
  6 trolls
  2 red devils (Volcano)
  7 guardian mummies (Crypt:3)
  31 jumping spiders
  40 merfolk
  A black draconian skeleton (Crypt:2)
  6 bog bodies
  An ettin zombie (Vaults:3)
  2 wind drakes (Shoals:4)
  21 hornets
  A blink frog (shapeshifter) (Elf:1)
  A shadow dragon simulacrum (Vaults:3)
  3 slime creatures (Vaults:2)
  13 dream sheep
  A fire dragon zombie (Crypt:1)
  8 hippogriffs
  A meliai zombie (Crypt:2)
  6 snapping turtles
  57 flying skulls
  2 ettin skeletons (Vaults:2)
  4 shadows
  A fire dragon skeleton (Crypt:3)
  9 small abominations
  An air elemental (Elf:2)
  63 redbacks
  22 yaks
  10 wyverns (Lair:6)
  A redback (shapeshifter) (Vaults:5)
  26 tarantellas
  A tarantella (shapeshifter) (Vaults:1)
  21 water elementals
  4 hogs (Spider:2)
  12 wraiths
  A spriggan (shapeshifter) (D:14)
  A yak (shapeshifter) (Vaults:3)
  A fire bat (Volcano)
  A golden eye (shapeshifter) (Vaults:5)
  2 basilisks (Lair:6)
  2 hungry ghosts
  3 fire elementals
  A chaos spawn (D:10)
  4 wargs
  2 steam dragons (Lair:6)
  8 large abominations
  6 acid dragons
  A swamp worm (shapeshifter) (D:14)
  A water nymph zombie (Crypt:2)
  10 water moccasins
  8 hydra simulacra
  10 soldier ants
  A hell hound (Volcano)
  A floating eye (shapeshifter) (Vaults:3)
  5 porcupines
  A water nymph skeleton (Crypt:1)
  A swamp drake (Orc:2)
  An eye of draining (D:14)
  A human zombie (Vaults:2)
  27 orc warriors
  A black bear (shapeshifter) (Vaults:3)
  An ice beast (shapeshifter) (Vaults:3)
  7 sky beasts
  An ice dragon simulacrum (Crypt:1)
  2 phantoms
  An ettin simulacrum (Crypt:1)
  2 black bears
  A boggart (shapeshifter) (Vaults:5)
  12 necrophages
  6 wolves (Lair:4)
  32 ogres
  13 boggarts
  6 centaurs
  2 elf skeletons (Vaults:2)
  5 crocodiles
  3 big kobolds
  2 earth elementals
  15 bullfrogs
  A glowing shapeshifter simulacrum (Vaults:3)
  A gnoll sergeant (D:10)
  2 wyvern zombies
  2 water moccasin zombies
  A hornet simulacrum (D:15)
  4 scorpions
  19 wights
  4 killer bees
  6 electric eels
  7 lava snakes (Volcano)
  7 crimson imps
  A human simulacrum (Vaults:2)
  2 centaur zombies
  5 hounds
  6 jellies
  8 orc priests
  7 bullfrog zombies
  2 black bear zombies (Crypt:1)
  An iron imp (Orc:2)
  5 hell rats (Lair:4)
  5 iguanas
  43 orc wizards
  28 worker ants
  A killer bee zombie (D:7)
  A big kobold zombie (Crypt:2)
  2 hound zombies
  A naga skeleton (Crypt:1)
  16 mummies (Ossuary)
  A howler monkey zombie (Ossuary)
  6 worker ant zombies (Ossuary)
  A howler monkey skeleton (D:9)
  A scorpion zombie (Crypt:1)
  A steam dragon zombie (Crypt:1)
  10 adders
  4 gnolls (D:10)
  An ogre simulacrum (Crypt:1)
  3 shadow imps
  A white imp (Orc:2)
  An ooze (Lair:5)
  A worm zombie (Crypt:2)
  4 adder zombies
  3 worms
  A barachi zombie (Crypt:1)
  2 dart slugs
  5 leopard geckos
  112 orcs
  5 ball pythons
  8 giant cockroaches
  14 hobgoblins
  19 jackals
  2 quokkas
  3 bats
  5 frilled lizards
  A frilled lizard skeleton (Crypt:1)
  7 goblins
  A hobgoblin zombie (Crypt:2)
  2 jackal zombies (Ossuary)
  21 kobolds
  A leopard gecko skeleton (Crypt:1)
  A leopard gecko zombie (Ossuary)
  2 quokka skeletons
  2 quokka zombies (Ossuary)
  5 rats
  A spectral orc (D:4)
  2 fungi (Lair:6)
  A plant (Lair:6)
  7 tentacles (Shoals:4)
2488 creatures vanquished.

Vanquished Creatures (collateral kills)
  A draconian scorcher (Zot:3)
  A draconian stormcaller (Zot:3)
  2 entropy weavers
  A black draconian (Zot:3)
  Erica (D:11)
  A queen ant (Lair:4)
  A two-headed ogre (D:10)
  A death yak (Lair:6)
  2 spiny frogs
  A wyvern (Lair:6)
  A yak (Lair:6)
  2 basilisks
  An acid dragon (Lair:6)
  2 killer bees (D:10)
  A centaur (D:10)
  A fungus (Lair:5)
20 creatures vanquished.

Vanquished Creatures (others)
  A death cob (Zot:3)
  A vault warden (Vaults:5)
  3 stone giants
  5 yaktaur captains
  A centaur warrior (Vaults:1)
  2 deep elf knights
  A shadow wraith (Vaults:3)
  3 deep elf archers
  A wizard (Depths:1)
  A necromancer (Vaults:3)
  4 fauns
  A cyclops (Vaults:2)
  9 yaktaurs
  3 merfolk
  A human (Spider:2)
  A boggart (Vaults:3)
  3 killer bees (D:10)
  An orc wizard (Orc:2)
  2 orcs (Orc:2)
  14 fungi
  28 plants
  18 tentacles (Shoals:4)
  3 withered plants (Ossuary)
107 creatures vanquished.

Grand Total: 2615 creatures vanquished

Levels and vault maps discovered:
D:1:      dpeg_arrival_refuge, layout_basic
D:2:      layout_rooms, lemuel_round_altar, lemuel_round_altar
D:3:      layout_loops_ring, lemuel_round_altar, serial_park_tiny_2
D:4:      layout_basic, yredelemnul_forgotten_temple_becter, st_stairs_13,
          serial_bayou_lagoon_a, minmay_goblin_kobold_house
D:5:      layout_cave_pools, first_ration, corexii_leaking_fountain,
          grunt_ministairs_10, hex_tiny
D:6:      layout_basic, nicolae_gozag_cash_rules_everything_around_me,
          kennysheep_mini_moat, minmay_misc_feat_encased
D:7:      layout_loops_ring, marbit_many_paths,
          minmay_temple_entry_drinking_statues, nicolae_ossuary_entry_monument,
          grunt_ogre_cave
D:8:      layout_loops_cross, lemuel_doored_altar, serial_shops, shop,
          hangedman_decor_slide_cut
D:9:      layout_basic, eat_drink_and_be_merry_uskayaw, old_standard_altar,
          overflow_temple_1_default, orc_david_3, basic_altar, serial_shops,
          shop, st_stairs_12, serial_bayou_ford_a
D:10:     layout_cave_pods, lair_entry_dummy
D:11:     layout_long_grid, serial_shops, nicolae_shop_stone, lemuel_tele_altar,
          uniq_erica
D:12:     minmay_wavy_crystal, layout_irregular_city, small_statue_intersection
D:13:     layout_gridville, hangedman_vaults_entry_quadrant_bands,
          gauntlet_entry_generic
D:14:     layout_basic, abandoned_shop, serial_shops, nicolae_shop_behind_doors,
          minivault_16, lemuel_hellish_altar
D:15:     hangedman_depths_entry_try_elsewhere_first, layout_cave_pools,
          hangedman_abyss_or_decor_lesser_grid, nicolae_alphabet_shops
Temple:   minmay_temple_curvy_loop
Lair:1:   layout_big_grid, enter_volcano_1, lemuel_fruit_tree,
          serial_bayou_shore_b, serial_bayou_shore_a
Lair:2:   layout_cave_pods, spider_nest_entry_rubble
Lair:3:   layout_long_grid, elwin_shoals_entry_stream, serial_bayou_shore_b
Lair:4:   layout_loops_ring
Lair:5:   layout_loops_ring, slime_altar_2, minmay_another_anthill
Lair:6:   guppyfry_lair_end_dragon, layout_hall_layers,
          hangedman_lair_tendril_chambers
Shoals:1: layout_shoals, serial_shops, shop
Shoals:2: layout_shoals
Shoals:3: layout_shoals
Shoals:4: shoals_end_hangedman, layout_shoals, hangedman_shoals_cup_caves,
          uniq_polyphemus
Spider:1: layout_spider_delve
Spider:2: layout_spider_delve, ebering_ghost_xom, uniq_agnes, uniq_kirke
Spider:3: layout_spider_delve, uniq_mara
Spider:4: grunt_spider_rune_circles
Orc:1:    layout_diamond_mine, serial_shops, nicolae_shop_waterfront,
          basic_altar
Orc:2:    kennysheep_orc_mage_school, layout_diamond_mine, hangedman_minor_magic
Elf:1:    elf_arrival_002, layout_rooms, serial_shops,
          nicolae_shop_competitors_out_of_business, minmay_elf_sorcery,
          nooodl_food_tri, uniq_roxanne, uniq_louise, uniq_asterion
Elf:2:    layout_geoelf_diagonals, serial_shops, nicolae_shop_behind_doors,
          columned_hall_lemuel, uniq_aizul
Elf:3:    elf_hall, layout_rooms, ploomutoo_gammafunk_ghost_potion_laboratory
Vaults:1: vaults_room_grid, hangedman_vaults_trim, v_misc_33, v_misc_19,
          grunt_vaults_twisty, v_misc_30, v_misc_4, nicolae_vaults_rhombus_5,
          nicolae_vaults_mini_display_case, st_lattice, layout_vaults_omnigrid
Vaults:2: nicolae_vaults_network_quinsquares
          [nicolae_vaults_network_quincunx_subvault,
          nicolae_vaults_network_quincunx_subvault,
          nicolae_vaults_network_quincunx_subvault,
          nicolae_vaults_network_quincunx_subvault], vaults_mumra_chevron,
          grunt_vaults_hallway_short, v_misc_30, hangedman_vaults_locks,
          minmay_crypt_entry_skeletal_spiral, ontoclasm_vaults_shuriken,
          v_alt_pattern_5, ontoclasm_vaults_decontamination,
          layout_vaults_chaotic_city, serial_shops,
          nicolae_shop_overgrown_old_shop
Vaults:3: nicolae_vaults_triangles, grunt_vaults_funnel,
          hangedman_vaults_stitches, v_misc_30, ontoclasm_vaults_pinch,
          hangedman_vaults_slice, ontoclasm_vaults_fault,
          hangedman_vaults_impose, vaults_mumra_minichess_inversion,
          nicolae_vaults_specimen_jars, vaults_room_grid, vaults_dpeg_cross,
          layout_vaults_big_cross, uniq_margery
Vaults:4: hangedman_vaults_maws, sword_in_stone, hangedman_vaults_restitches,
          nicolae_vaults_little_squares_1, hangedman_vaults_maws,
          dpeg_vaults_monster_box, hangedman_vaults_stagger,
          ontoclasm_vaults_ligature, v_alt_pattern_6, v_misc_19,
          ontoclasm_vaults_hangar, v_alt_pattern_1, layout_vaults_omnibox,
          serial_shops, nicolae_shop_stone
Vaults:5: serial_shops
Crypt:1:  layout_chaotic_city, weyrava_ghost_lake
Crypt:2:  layout_misc_corridors
Crypt:3:  grunt_crypt_end_deaths_head
Depths:1: layout_cave_pools, minmay_misc_feat_four_crosses, serial_shops,
          bzr_entry_customers, hell_entry, minmay_guarded_unrand_mage
Depths:2: minmay_the_grid_four_pointed_star_mashed
          [minmay_the_grid_triangle_9x9_warning,
          minmay_the_grid_triangle_9x9_descending_squares,
          minmay_the_grid_triangle_9x9_steps,
          minmay_the_grid_triangle_9x9_semitri,
          minmay_the_grid_prize_four_corners_diamond_a], layout_gridlike,
          infiniplex_staircase_pillars_3b, hell_entry, serial_shops, shop,
          uniq_saint_roka
Depths:3: cheibrodos_hall_of_evolution, layout_basic, hell_entry, pan_entry,
          nrook_mini_vaults, kennysheep_generic_room_3
Depths:4: grunt_forest_end_chambers, layout_basic, enter_ziggurat_b,
          roderic_roman_lattice, abyss_entry, hell_entry, minmay_misc_feat_room,
          minmay_misc_feat_iff, kennysheep_flooded_box
Depths:5: grunt_zot_entry_gee_three, layout_gridville, pf_hell_entry_tar_river,
          minmay_shop_star, uniq_boris
Zot:1:    kennysheep_six_static_rooms, layout_gridlike, grunt_megastairs_3
Zot:2:    layout_gridlike
Zot:3:    layout_misc_corridors
Zot:4:    layout_misc_corridors
Zot:5:    layout_basic, st_stairs_2, skrybe_zot_glass_1


Message History

There is a stone staircase leading down here.
There is an escape hatch in the ceiling here.
A mysterious force pulls you upwards.
The hatch slams shut behind you. 3 red devils and a balrug come into view.
The balrug is wielding a +2 demon whip of draining.
A red devil is wielding a +0 demon trident of electrocution.
The balrug moves out of view.
The red devil moves out of view.
There is a stone staircase leading up here.
You climb upwards.
There is a stone staircase leading down here.
(D) Dungeon (T) Temple (L) Lair (A) Shoals (N) Spider Nest (M) Slime Pits (O) Orcish Mines (E) Elven Halls (V) Vaults (C) Crypt (W) Tomb (U) Depths (H) Hell (Z) Zot
Where to? (Enter - D:1 @ (x,y), ? - help)
Okay, then.
As you open the door, it creaks loudly!
There is an open door here.
There is an open door here.
There is a staircase leading out of the dungeon here.
You have escaped!

Notes
Turn   | Place    | Note
-------+----------+-------------------------------------------
     0 | D:1      | bmfx the Ogre Fighter began the quest for the Orb.
     0 | D:1      | Reached XP level 1. HP: 24/24 MP: 1/1
   415 | D:1      | Reached XP level 2. HP: 32/32 MP: 2/2
   620 | D:2      | Reached skill level 1 in Throwing
   812 | D:2      | Found a glowing golden altar of the Shining One.
   815 | D:2      | Noticed a phantom
  1010 | D:2      | Reached XP level 3. HP: 40/40 MP: 3/3
  1343 | D:2      | Found an iron altar of Okawaru.
  2159 | D:2      | Reached XP level 4. HP: 33/49 MP: 4/4
  2160 | D:2      | Reached skill level 5 in Fighting
  3441 | D:3      | Found a white marble altar of Elyvilon.
  4537 | D:4      | Reached XP level 5. HP: 46/57 MP: 5/5
  4804 | D:4      | Found a basalt altar of Yredelemnul.
  5126 | D:5      | Entered Level 5 of the Dungeon
  5178 | D:5      | Noticed an ogre
  5333 | D:5      | Noticed a sky beast
  6999 | D:5      | Killed an ogre
  6999 | D:5      | Reached skill level 6 in Fighting
  6999 | D:5      | Reached XP level 6. HP: 67/67 MP: 6/6
  7244 | D:6      | You fall into a shaft and drop 3 floors!
  7246 | D:9      | Found an ornate altar of the Wu Jian Council.
  7253 | D:8      | Noticed an orc warrior
  7256 | D:8      | Noticed a hippogriff
  7260 | D:9      | Found a shimmering altar of Xom.
  7317 | D:9      | Reached skill level 1 in Evocations
  7916 | D:9      | Reached XP level 7. HP: 75/75 MP: 8/8
  8566 | D:9      | Found a hide-covered altar of Uskayaw.
  8604 | D:9      | Found Qeafut's Weapon Emporium.
  8787 | D:9      | Found a staircase to the Orcish Mines.
  8835 | D:9      | Noticed a two-headed ogre
  8840 | D:9      | Killed a two-headed ogre
  8840 | D:9      | Reached skill level 5 in Evocations
  8840 | D:9      | Reached XP level 8. HP: 83/83 MP: 9/11
  8932 | D:9      | Found a snail-covered altar of Cheibriados.
  9273 | D:7      | Found a staircase to the Ecumenical Temple.
  9284 | Temple   | Entered the Ecumenical Temple
  9364 | Temple   | Became a worshipper of Makhleb the Destroyer
  9446 | D:7      | Found a sand-covered staircase.
  9455 | Ossuary  | Entered an ossuary
  9643 | Ossuary  | Reached skill level 7 in Fighting
  9661 | Ossuary  | Reached XP level 9. HP: 72/93 MP: 12/12
  9910 | Ossuary  | Reached * piety under Makhleb
 10501 | D:6      | Found an opulent altar of Gozag.
 10952 | D:6      | Reached skill level 5 in Throwing
 11006 | D:6      | Reached skill level 8 in Fighting
 11361 | D:6      | Found a sparkling altar of Nemelex Xobeh.
 11381 | D:6      | Reached ** piety under Makhleb
 13033 | D:7      | Reached skill level 1 in Invocations
 13075 | D:7      | Reached XP level 10. HP: 104/104 MP: 14/14
 13381 | D:7      | Found a bloodstained altar of Trog.
 13499 | D:7      | Learned a level 1 spell: Apportation
 13587 | D:8      | Noticed a two-headed ogre
 14100 | D:8      | Found Urorah's Food Emporium.
 15257 | D:8      | Found a hazy altar of Hepliaklqana.
 15435 | D:9      | Found Bilumyno's General Store.
 15464 | D:9      | Bought 2 scrolls of enchant weapon for 210 gold pieces
 15808 | D:10     | Entered Level 10 of the Dungeon
 16013 | D:10     | Reached *** piety under Makhleb
 16066 | D:10     | Noticed a two-headed ogre
 16095 | D:10     | Killed a two-headed ogre
 16320 | D:10     | Found a staircase to the Lair.
 16421 | D:10     | Noticed a two-headed ogre
 16436 | D:10     | Killed a two-headed ogre
 16436 | D:10     | Reached skill level 5 in Invocations
 16797 | D:11     | Noticed Erica
 16846 | D:11     | Killed Erica
 16846 | D:11     | Reached XP level 11. HP: 96/111 MP: 16/16
 16902 | D:11     | Found Goaxode's Antique Armour Shoppe.
 16937 | D:11     | Noticed a purple ugly thing
 16951 | D:11     | Killed a white ugly thing
 16977 | D:11     | Identified a scroll of acquirement
 16977 | D:11     | Identified the ring "Miho" {+Blink rC+ Int-2 Dex+6 Slay+2}
                  | (You acquired it on level 11 of the Dungeon)
 17122 | D:11     | Found a hide-covered altar of Uskayaw.
 18086 | Lair:1   | Entered Level 1 of the Lair of Beasts
 18125 | Lair:1   | Noticed an eight-headed hydra
 18139 | Lair:1   | Killed a seven-headed hydra
 18172 | Lair:1   | Reached skill level 5 in Shields
 18219 | Lair:1   | Found a dark tunnel.
 18226 | Volcano  | Entered a volcano
 18562 | Volcano  | Found a burning altar of Makhleb.
 18562 | Volcano  | Noticed a sun demon
 18572 | Volcano  | Killed a sun demon
 18572 | Volcano  | Noticed a hell knight
 18586 | Volcano  | Killed a hell knight
 18613 | Volcano  | Noticed a red ugly thing
 18738 | Volcano  | Killed a red ugly thing
 18741 | Volcano  | Reached skill level 5 in Dodging
 18984 | Volcano  | Got a polished great mace
 19398 | Lair:1   | Reached XP level 12. HP: 119/119 MP: 18/18
 20609 | Lair:2   | Found a hole to the Spider Nest.
 21174 | Lair:2   | You fall into a shaft and drop 2 floors!
 22015 | Lair:3   | Found a staircase to the Shoals.
 22021 | Lair:3   | Reached **** piety under Makhleb
 22681 | Lair:4   | You fall into a shaft and drop 2 floors!
 22681 | Lair:6   | Entered Level 6 of the Lair of Beasts
 22696 | Lair:6   | Reached XP level 13. HP: 127/127 MP: 19/19
 23810 | Lair:5   | Reached ***** piety under Makhleb
 23846 | Lair:5   | Noticed an entropy weaver
 23852 | Lair:5   | Noticed an entropy weaver
 23912 | Lair:4   | Killed an entropy weaver
 24206 | Lair:5   | Found a runed translucent door.
 24252 | Lair:5   | Found a viscous altar of Jiyva.
 24256 | Lair:5   | Found a staircase to the Slime Pits.
 24273 | Lair:5   | Reached skill level 10 in Axes
 24824 | Lair:5   | Found a viscous altar of Jiyva.
 24826 | Lair:5   | Found a staircase to the Slime Pits.
 25146 | Lair:5   | Killed an entropy weaver
 25574 | Lair:5   | Reached skill level 10 in Throwing
 27332 | Lair:6   | Identified the +10 great mace of Sin {pain, rElec Int+2
                  | Dex-5} (You found it in a volcano)
 27810 | Lair:6   | Reached XP level 14. HP: 128/136 MP: 17/20
 29066 | D:11     | Bought the +2 hat of the Bear Spirit {Spirit, +Rage rN+
                  | MR++} for 1055 gold pieces
 29066 | D:11     | Found the +2 hat of the Bear Spirit {Spirit, +Rage rN+
                  | MR++}
 30030 | D:12     | Reached skill level 9 in Fighting
 30481 | D:12     | Reached skill level 10 in Fighting
 30938 | D:13     | Found a gate leading to a gauntlet.
 30948 | Gauntlet | Entered a Gauntlet
 30948 | Gauntlet | Found a transporter.
 30948 | Gauntlet | Found a runed translucent door.
 30948 | Gauntlet | Found a runed translucent door.
 30955 | Gauntlet | Found a transporter.
 30958 | Gauntlet | Found a transporter.
 30966 | Gauntlet | Found a transporter.
 30968 | Gauntlet | Found a transporter.
 30974 | Gauntlet | Found a runed translucent gate.
 30974 | Gauntlet | Found a runed translucent gate.
 30977 | Gauntlet | Found a runed translucent gate.
 30977 | Gauntlet | Found a transporter.
 30993 | Gauntlet | Found a transporter.
 30996 | Gauntlet | Noticed a dire elephant
 31003 | Gauntlet | Found a transporter.
 31013 | Gauntlet | Found a transporter.
 31013 | Gauntlet | Noticed a dire elephant
 31029 | Gauntlet | Found a transporter.
 31043 | Gauntlet | Found a transporter.
 31092 | Gauntlet | Found a transporter.
 31093 | Gauntlet | Found a transporter.
 31113 | Gauntlet | Found a transporter.
 31214 | Gauntlet | Reached skill level 11 in Fighting
 31367 | Gauntlet | Got a crude bronze amulet
 31368 | Gauntlet | Identified the amulet "Xighiak" {+Rage Str+6} (You found it
                  | in a Gauntlet)
 31430 | Gauntlet | Reached skill level 12 in Fighting
 31440 | Gauntlet | Identified The Arcane Secrets of Witchery
 31441 | Gauntlet | Found the +9 staff of Wucad Mu {channel}
 31537 | D:13     | Reached skill level 1 in Armour
 31800 | D:13     | Found a gate to the Vaults.
 31817 | D:13     | Reached XP level 15. HP: 156/156 MP: 15/21
 32112 | D:13     | Reached skill level 5 in Armour
 32656 | D:14     | Reached ****** piety under Makhleb
 32927 | D:14     | Found Dumiymp's Food Emporium.
 32970 | D:14     | Found a corrupted altar of Lugonu.
 33122 | D:15     | Entered Level 15 of the Dungeon
 33293 | D:15     | Found Numpauburunk's Needful Niceties.
 33473 | D:15     | Found a staircase to the Depths.
 33822 | Orc:1    | Entered Level 1 of the Orcish Mines
 33887 | Orc:1    | Found a roughly hewn altar of Beogh.
 34120 | Orc:1    | Found Lemnuz's Armour Boutique.
 34313 | Orc:2    | Entered Level 2 of the Orcish Mines
 34339 | Orc:2    | Found a staircase to the Elven Halls.
 34834 | Orc:2    | Got a brightly glowing hat
 34846 | Orc:2    | Identified the cursed +0 hat of the Equator {rC+ Stlth+}
                  | (You found it on level 2 of the Orcish Mines)
 34853 | Orc:2    | Got a warped hat
 34859 | Orc:2    | Identified the +2 hat "Cuisseath" {rF+ rN+ Str-5} (You
                  | found it on level 2 of the Orcish Mines)
 34902 | Orc:2    | Learned a level 2 spell: Blink
 35438 | Orc:2    | Found Baps's Book Shoppe.
 35494 | Orc:2    | Noticed Erolcha
 35501 | Orc:2    | Killed Erolcha
 35508 | Orc:2    | Found a radiant altar of Vehumet.
 35582 | Orc:2    | Found Wamiegg's Antique Armour Emporium.
 35661 | Orc:2    | Found an ancient bone altar of Kikubaaqudgha.
 35677 | Orc:2    | Found a roughly hewn altar of Beogh.
 35677 | Orc:2    | Found Goigoonu's Antique Weapon Shoppe.
 35678 | Orc:2    | Found Vegomafo's Magic Scroll Emporium.
 35767 | Orc:2    | Bought a scroll of fog for 32 gold pieces
 35767 | Orc:2    | Bought a scroll of teleportation for 48 gold pieces
 35996 | Orc:2    | Bought a scroll of enchant weapon for 120 gold pieces
 35996 | Orc:2    | Bought a scroll of enchant weapon for 120 gold pieces
 36484 | Spider:1 | Entered Level 1 of the Spider Nest
 36542 | Spider:1 | Reached XP level 16. HP: 165/165 MP: 19/22
 37619 | Spider:2 | Reached skill level 15 in Axes
 37773 | Spider:2 | Noticed Kirke
 37774 | Spider:2 | Noticed Agnes
 37800 | Spider:2 | Killed Kirke
 37808 | Spider:2 | Killed Agnes
 38057 | Spider:2 | Found a runed translucent door.
 38057 | Spider:2 | Found a shimmering altar of Xom.
 38057 | Spider:2 | Identified the +6 broad axe of the Magi {chaos, +Blink
                  | rElec Str-5 SInv}
 38057 | Spider:2 | Noticed dotty's ghost (adept DsBe)
 38556 | Spider:3 | Noticed Mara
 38586 | Spider:3 | Noticed bmfx's illusion
 38741 | Spider:3 | Noticed bmfx's illusion
 38802 | Spider:3 | Noticed bmfx's illusion
 38806 | Spider:3 | Noticed bmfx's illusion
 38812 | Spider:3 | Killed Mara
 39223 | Spider:3 | Reached XP level 17. HP: 172/172 MP: 23/23
 39705 | Spider:4 | Entered Level 4 of the Spider Nest
 41294 | Spider:4 | Reached skill level 13 in Fighting
 41416 | Spider:4 | Got a gossamer rune of Zot
 41610 | Shoals:1 | Entered Level 1 of the Shoals
 41675 | Shoals:1 | Found Tuhil's Food Boutique.
 41790 | Shoals:1 | Reached skill level 10 in Shields
 42249 | Shoals:2 | Reached XP level 18. HP: 187/187 MP: 24/24
 43267 | Shoals:3 | Reached skill level 14 in Fighting
 43849 | Shoals:4 | Entered Level 4 of the Shoals
 44590 | Shoals:4 | Identified the ring "Heatruva" {rF+ Stlth-} (You found it
                  | on level 4 of the Shoals)
 44972 | Shoals:4 | Reached skill level 15 in Fighting
 44979 | Shoals:4 | Noticed Polyphemus
 45019 | Shoals:4 | Killed Polyphemus
 45330 | Shoals:4 | Got a barnacled rune of Zot
 45534 | Shoals:4 | Identified the ring "Kynamov" {-Tele +Fly Str+4} (You found
                  | it on level 4 of the Shoals)
 45947 | Elf:1    | Entered Level 1 of the Elven Halls
 45953 | Elf:1    | Reached XP level 19. HP: 201/201 MP: 23/25
 46384 | Elf:1    | Found Doidues's Book Shop.
 46443 | Elf:1    | Noticed Roxanne
 46448 | Elf:1    | Killed Roxanne
 46477 | Elf:1    | Reached skill level 15 in Throwing
 46761 | Elf:1    | Noticed Louise
 46784 | Elf:1    | Killed Louise
 46950 | Elf:1    | Identified the Catalogue of Supportive Combat Magic
 47070 | Elf:2    | Found Mavve's Book Shoppe.
 47073 | Elf:2    | Bought a book of Debilitation for 400 gold pieces
 47077 | Elf:2    | Learned a level 3 spell: Portal Projectile
 47388 | Elf:2    | Found a runed translucent gate.
 47388 | Elf:2    | Found a runed translucent gate.
 47388 | Elf:2    | Found a runed translucent gate.
 47797 | Elf:2    | Noticed Aizul
 47808 | Elf:2    | Killed Aizul
 48589 | Elf:3    | Entered Level 3 of the Elven Halls
 48717 | Elf:3    | Reached skill level 15 in Shields
 48732 | Elf:3    | Reached XP level 20. HP: 210/210 MP: 26/26
 49131 | Elf:3    | Reached skill level 10 in Dodging
 49243 | Elf:3    | Found a runed translucent gate.
 49243 | Elf:3    | Found a runed translucent gate.
 49243 | Elf:3    | Found a runed translucent gate.
 49386 | Elf:3    | Identified the cursed +0 morningstar of Resourcefulness
                  | {elec, +Rage MR+ Str+4}
 49402 | Elf:3    | Identified the cursed +0 robe of Disappointment {rPois
                  | rCorr Dex-4}
 49461 | Elf:3    | Identified the +9 scythe of Gluttony {drain, *Drain rElec
                  | Int+9 Stlth-}
 49600 | Elf:3    | Got a coiled copper amulet
 49601 | Elf:3    | Identified the amulet "Adwa" {Harm *Drain +Inv rC- Int+3}
                  | (You found it on level 3 of the Elven Halls)
 49615 | Elf:3    | Identified Sif Muna's Almanac of Heat and Venom
 49782 | Elf:3    | Found a runed translucent gate.
 49782 | Elf:3    | Found a runed translucent gate.
 49786 | Elf:3    | Found a runed translucent gate.
 49789 | Elf:3    | Noticed Hasart's ghost (adept KoHu)
 50001 | Vaults:1 | Entered Level 1 of the Vaults
 50239 | Vaults:1 | You fall into a shaft and drop 1 floor!
 50274 | Vaults:2 | Reached XP level 21. HP: 218/218 MP: 27/27
 50927 | Vaults:1 | Reached skill level 15 in Dodging
 52124 | Vaults:2 | Found Simaeruw's Antique Weapon Shop.
 52272 | Vaults:2 | Reached skill level 16 in Fighting
 52790 | Vaults:2 | Found a staircase to the Crypt.
 53182 | Vaults:3 | Noticed Margery
 53200 | Vaults:3 | Killed Margery
 53200 | Vaults:3 | Reached XP level 22. HP: 214/234 MP: 22/28
 53318 | Vaults:3 | Reached skill level 17 in Fighting
 54307 | Vaults:4 | Found Sesicvy's Assorted Antiques.
 54324 | Vaults:4 | Reached skill level 18 in Fighting
 54383 | Vaults:4 | Bought a wand of iceblast (5) for 196 gold pieces
 55167 | Vaults:4 | Noticed Asterion
 55184 | Vaults:4 | Noticed Frederick
 55188 | Vaults:4 | Killed Asterion
 55197 | Vaults:4 | Killed Frederick
 55620 | Depths:1 | Entered Level 1 of the Depths
 55685 | Depths:1 | Found a gateway to Hell.
 55709 | Depths:1 | Reached skill level 10 in Armour
 55714 | Depths:1 | Found a flickering gateway to a bazaar.
 55736 | Bazaar   | Entered a bazaar
 55806 | Bazaar   | Found Hoseil's Magic Scroll Shoppe.
 55853 | Bazaar   | Found Tutienn's Magic Scroll Boutique.
 55888 | Bazaar   | Found Sanygav's Magic Scroll Shoppe.
 55896 | Bazaar   | Bought a scroll of brand weapon for 200 gold pieces
 55897 | Bazaar   | Bought a scroll of enchant armour for 75 gold pieces
 55897 | Bazaar   | Bought a scroll of fear for 35 gold pieces
 55897 | Bazaar   | Bought a scroll of identify for 20 gold pieces
 55897 | Bazaar   | Bought a scroll of identify for 20 gold pieces
 55919 | Bazaar   | Found Hotsugg's Book Shoppe.
 56146 | Bazaar   | Bought a scroll of teleportation for 51 gold pieces
 56146 | Bazaar   | Bought a scroll of enchant weapon for 127 gold pieces
 56146 | Bazaar   | Bought a scroll of fear for 59 gold pieces
 56146 | Bazaar   | Bought a scroll of holy word for 127 gold pieces
 56258 | Depths:1 | Reached XP level 23. HP: 247/247 MP: 25/29
 56433 | Depths:1 | Found a runed translucent door.
 56510 | Depths:1 | Noticed an ancient lich
 56514 | Depths:1 | Found the ring of the Mage {Wiz MR++ Int+3}
 56523 | Depths:1 | Killed an ancient lich
 56925 | Depths:2 | Found Qowupeom's Gadget Shoppe.
 56930 | Depths:2 | Bought a wand of acid (8) for 504 gold pieces
 57161 | Depths:2 | Identified the amulet "Gyrghisef" {Inacc rPois MR++ Int+2}
                  | (You found it on level 2 of the Depths)
 57180 | Depths:2 | Identified the Catalogue of Shifting Lightness
 57523 | Depths:2 | Noticed Saint Roka
 57541 | Depths:2 | Killed Saint Roka
 58323 | Depths:3 | Noticed a juggernaut
 58332 | Depths:3 | Killed a juggernaut
 58693 | Depths:3 | Found a one-way gate leading to the halls of Pandemonium.
 59090 | Depths:4 | Found a one-way gate to the infinite horrors of the Abyss.
 59396 | Depths:4 | Reached XP level 24. HP: 256/256 MP: 24/29
 59406 | Depths:4 | Identified the cursed +1 giant club "Iffoav" {antimagic,
                  | rF+ rN+ Str+2}
 59406 | Depths:4 | Identified the +7 giant club of Duapud {flame, rF+ Str+3}
 59406 | Depths:4 | Noticed the Enchantress
 59446 | Depths:4 | Killed the Enchantress
 59742 | Depths:4 | Reached skill level 15 in Armour
 59771 | Depths:4 | Reached skill level 1 in Spellcasting
 59810 | Depths:4 | Reached skill level 1 in Translocations
 60156 | Depths:4 | You fall into a shaft and drop 1 floor!
 60156 | Depths:5 | Entered Level 5 of the Depths
 60332 | Depths:5 | Reached skill level 5 in Spellcasting
 60548 | Depths:5 | Reached skill level 5 in Translocations
 60631 | Depths:5 | Noticed Boris
 60641 | Depths:5 | Killed Boris
 61138 | Depths:5 | Found Rosududa's Armour Boutique.
 61142 | Depths:5 | Found Sinied's Magic Scroll Shop.
 61145 | Depths:5 | Found Qapybbij's Armour Boutique.
 61150 | Depths:5 | Bought a scroll of acquirement for 1144 gold pieces
 61150 | Depths:5 | Identified the amulet of Pooroteo {Acrobat rElec MR++
                  | Str+3} (You acquired it on level 5 of the Depths)
 61285 | Depths:5 | Found a gate to the Realm of Zot.
 61712 | Crypt:1  | Entered Level 1 of the Crypt
 62007 | Crypt:1  | Reached XP level 25. HP: 258/265 MP: 30/35
 62312 | Crypt:1  | Reached skill level 10 in Translocations
 63458 | Crypt:2  | Identified the Volume of Enhancements
 63518 | Crypt:3  | Entered Level 3 of the Crypt
 63870 | Crypt:3  | Reached skill level 19 in Fighting
 63905 | Crypt:3  | Found an ancient bone altar of Kikubaaqudgha.
 64135 | Crypt:3  | Got a brightly glowing platinum ring
 64136 | Crypt:3  | Identified the ring "Mogion" {*Drain rPois rN+ Int+7} (You
                  | found it on level 3 of the Crypt)
 64137 | Crypt:3  | Identified the ring "Jomo Toy" {rN+ Dex+4} (You found it on
                  | level 3 of the Crypt)
 64177 | Crypt:3  | Reached skill level 20 in Fighting
 64448 | Crypt:3  | Found a staircase to the Tomb.
 64448 | Crypt:3  | Noticed Khufu
 64470 | Crypt:3  | Killed Khufu
 64470 | Crypt:3  | Reached XP level 26. HP: 118/286 MP: 13/35
 64852 | Crypt:3  | Reached skill level 21 in Fighting
 65290 | Vaults:5 | Entered Level 5 of the Vaults
 65402 | Vaults:5 | Learned a level 3 spell: Lesser Beckoning
 65609 | Vaults:5 | Identified Ujaocyeph's Incunabulum of Weightlessness
 65772 | Vaults:5 | Noticed an ancient lich
 65782 | Vaults:5 | Killed an ancient lich
 65974 | Vaults:5 | Reached XP level 27. HP: 296/296 MP: 34/35
 66270 | Vaults:5 | Identified the ring of the Monkey's Uncle {*Slow rC+ rN+
                  | SInv} (You found it on level 5 of the Vaults)
 66330 | Vaults:5 | Identified the Compendium of Ignition and Stones
 66493 | Vaults:5 | Got a silver rune of Zot
 67554 | Orc:2    | Bought a scroll of enchant armour for 120 gold pieces
 67880 | Zot:1    | Entered Level 1 of the Realm of Zot
 69920 | Zot:2    | Noticed an orb of fire
 69933 | Zot:2    | Gained mutation: You are clumsy. (Dex -2) [an orb of fire]
 69935 | Zot:2    | Killed an orb of fire
 70253 | Zot:2    | Noticed an orb of fire
 70260 | Zot:2    | Gained mutation: You are weak. (Str -2) [an orb of fire]
 70261 | Zot:2    | Killed an orb of fire
 71560 | Zot:4    | Reached skill level 22 in Fighting
 71902 | Zot:5    | Entered Level 5 of the Realm of Zot
 72222 | Zot:5    | Reached skill level 23 in Fighting
 72564 | Zot:5    | Reached skill level 24 in Fighting
 72616 | Zot:5    | Noticed an orb of fire
 72618 | Zot:5    | Gained mutation: You are resistant to hostile enchantments.
                  | (MR+) [an orb of fire]
 72632 | Zot:5    | Killed an orb of fire
 72748 | Zot:5    | Noticed an orb of fire
 72749 | Zot:5    | Gained mutation: Your body sometimes deteriorates upon
                  | taking damage. [an orb of fire]
 72775 | Zot:5    | Killed an orb of fire
 72775 | Zot:5    | Noticed an orb of fire
 72785 | Zot:5    | Reached skill level 25 in Fighting
 72790 | Zot:5    | Gained mutation: Your spells are a little easier to cast,
                  | but a little less powerful. [an orb of fire]
 72793 | Zot:5    | Gained mutation: You are very weak. (Str -4) [an orb of
                  | fire]
 72796 | Zot:5    | Gained mutation: Your spells are easier to cast, but less
                  | powerful. [an orb of fire]
 72801 | Zot:5    | Killed an orb of fire
 72885 | Zot:4    | Lost mutation: You are clumsy. (Dex -2) [potion of
                  | mutation]
 72885 | Zot:4    | Lost mutation: You are very weak. (Str -4) [potion of
                  | mutation]
 72885 | Zot:4    | Lost mutation: You are weak. (Str -2) [potion of mutation]
 72885 | Zot:4    | Lost mutation: Your body sometimes deteriorates upon taking
                  | damage. [potion of mutation]
 72885 | Zot:4    | Gained mutation: Your muscles are strong. (Str +2) [potion
                  | of mutation]
 72885 | Zot:4    | Lost mutation: Your muscles are strong. (Str +2) [potion of
                  | mutation]
 72885 | Zot:4    | Gained mutation: You are highly resistant to hostile
                  | enchantments. (MR++) [potion of mutation]
 74358 | Zot:5    | Noticed an orb of fire
 74368 | Zot:5    | Gained mutation: Your spells are much easier to cast, but
                  | much less powerful. [an orb of fire]
 74376 | Zot:5    | Killed an orb of fire
 74379 | Zot:5    | Noticed an orb of fire
 74380 | Zot:5    | Noticed an orb of fire
 74381 | Zot:5    | Gained mutation: You tend to lose your temper in combat.
                  | [an orb of fire]
 74392 | Zot:5    | Killed an orb of fire
 74395 | Zot:5    | Gained mutation: You are robust. (+10% HP) [an orb of fire]
 74397 | Zot:5    | Gained mutation: You are partially covered in thin metallic
                  | scales. (AC +2) [an orb of fire]
 74404 | Zot:5    | Killed an orb of fire
 74499 | Zot:5    | Reached skill level 26 in Fighting
 74538 | Zot:5    | Noticed an orb of fire
 74542 | Zot:5    | Killed an orb of fire
 74770 | Zot:5    | Reached skill level 27 in Fighting
 74843 | Zot:5    | Noticed an orb of fire
 74844 | Zot:5    | Noticed an orb of fire
 74846 | Zot:5    | Lost mutation: You are robust. (+10% HP) [an orb of fire]
 74862 | Zot:5    | Killed an orb of fire
 74862 | Zot:5    | Noticed an ancient lich
 74863 | Zot:5    | Killed an orb of fire
 74876 | Zot:5    | Killed an ancient lich
 74958 | Zot:5    | Noticed an ancient lich
 74962 | Zot:5    | Killed an ancient lich
 75263 | Zot:5    | Got the Orb of Zot
 75609 | D:11     | Noticed Asiewoc the pandemonium lord
 75819 | D:$      | Escaped with the Orb!
